 Dungeon Crawl Stone Soup version 0.30-a0-190-g22c9a3c0ff (webtiles) character file.

Game seed: 6890951321265023236

56 Johnny the Chiller (level 3, -1/21 HPs)
             Began as an Octopode Ice Elementalist on Oct 4, 2022.
             Slain by an orc
             ... wielding a +0 trident
              (10 damage)
             ... on level 3 of the Dungeon.
             The game lasted 00:01:09 (1764 turns).

Johnny the Chiller (Octopode Ice Elementalist)      Turns: 1764, Time: 00:01:10

Health: -1/21      AC:  1    Str:  7    XL:     3   Next: 97%
Magic:  3/6        EV: 13    Int: 19    God:
Gold:   89         SH:  0    Dex: 12    Spells: 6/7 levels left

rFire   . . .      SeeInvis .    (no weapon)
rCold   . . .      Faith    .    (no shield)
rNeg    . . .      Spirit   .    (helmet restricted)
rPois   .          Reflect  .    (no amulet)
rElec   .          Harm     .    (no ring)
rCorr   .          Rampage  .    (no ring)
Will    .....                    (no ring)
Stlth   +++.......               (no ring)
HPRegen 0.23/turn                (no ring)
MPRegen 0.10/turn                (no ring)
                                 (no ring)
                                 (no ring)

@: no status effects
A: almost no armour, amphibious, 8 rings, camouflage 1, gelatinous body 1,
(nimble swimmer 1), tentacles
a: no special abilities


You were on level 3 of the Dungeon.
You visited 1 branch of the dungeon, and saw 3 of its levels.

You collected 89 gold pieces.

Inventory:

Scrolls
 b - a scroll of teleportation {unknown}
 c - 2 scrolls of noise {unknown}
 e - 2 scrolls of poison {unknown}
 f - 2 scrolls of identify {unknown}
 i - a scroll of fear {unknown}
 k - a scroll of silence {unknown}
Potions
 a - a potion of magic
 d - a potion of lignification {unknown}
 g - a potion of attraction {unknown}
 h - a potion of heal wounds {unknown}
 j - a potion of brilliance {unknown}


   Skills:
 + Level 2.6 Dodging
 + Level 3.6 Stealth
 + Level 2.5 Spellcasting
 + Level 4.4 Ice Magic


You had 6 spell levels left.
You knew the following spells:

 Your Spells              Type           Power      Damage    Failure   Level
a - Freeze                Ice            76%        1d9       2%          1

Your spell library contained the following spells:

 Spells                   Type           Power      Damage    Failure   Level
 Frozen Ramparts          Ice            38%        1d6       8%          3
 Ozocubu's Armour         Ice            19%        N/A       8%          3
 Summon Ice Beast         Ice/Summ       10%        N/A       54%         4


Dungeon Overview and Level Annotations

Branches:
Dungeon (3/15)

Altars:


Innate Abilities, Weirdness & Mutations

You cannot wear most types of armour.
You are amphibious.
You can wear up to eight rings at the same time.
Your skin changes colour to match your surroundings (Stealth+).
Your rubbery body absorbs attacks. (AC +1, EV +1)
((You are camouflaged when in or above water. (Stealth+)))
You have tentacles for arms and can constrict up to eight enemies at once.


Message History

You feel sick.
You are no longer poisoned.
Magic restored.
HP restored.
There is a stone staircase leading up here.
An orc priest and an orc come into view.
Found a hand axe.
There are monsters nearby!
There are monsters nearby!
There are monsters nearby!
An orc comes into view. It is wielding a +0 hand axe.
The orc priest shouts!
The orc shouts! x2; You hear a shout!
Casting: Freeze (safe; 2% risk of failure)
Confirm with . or Enter, or press ? or * to list all spells.
Aiming: Freeze (safe; 2% risk of failure)
Press: ? - help, Shift-Dir - straight line, f - orc priest
Aim: an orc priest, wielding a +0 club and wearing a +0 ring mail You freeze the orc priest!
The orc priest is severely wounded.
An orc comes into view. It is wielding a +0 whip.
The orc priest barely misses you.
Casting: Freeze (safe; 2% risk of failure)
Confirm with . or Enter, or press ? or * to list all spells.
Aiming: Freeze (safe; 2% risk of failure)
Press: ? - help, Shift-Dir - straight line, f/p - orc priest
Aim: an orc priest, wielding a +0 club and wearing a +0 ring mail (severely wounded)
You freeze the orc priest.
The orc priest is severely wounded.
The orc priest mumbles some strange prayers to Beogh against you.
Pain shoots through your body!
Ouch! That really hurt!
Casting: Freeze (safe; 2% risk of failure)
Confirm with . or Enter, or press ? or * to list all spells.
Aiming: Freeze (safe; 2% risk of failure)
Press: ? - help, Shift-Dir - straight line, f/p - orc priest
Aim: an orc priest, wielding a +0 club and wearing a +0 ring mail (severely wounded)
You freeze the orc priest.
You kill the orc priest!
The orc hits you from afar with a +0 trident!
You die...

#########
#...†...#
#.......#
#.<.....#
#.......#
#.......# #
#.......#
#..o####.......#
#...oo)@..#.####
#....####.#.#
##. #.#.# .. .#.
... .# )


You could see 3 orcs.

Vanquished Creatures
  An orc priest (D:3)
  2 adders
  A worm (D:2)
  2 dart slugs
  An endoplasm (D:2)
  2 giant cockroaches (D:2)
  2 goblins (D:1)
  A hobgoblin (D:2)
  3 jackals (D:2)
  6 ball pythons
  3 bats (D:2)
  A frilled lizard (D:2)
  6 kobolds
  3 rats
34 creatures vanquished.

Notes
Turn   | Place    | Note
-------+----------+-------------------------------------------
     0 | D:1      | Johnny the Octopode Ice Elementalist began the quest for
                  | the Orb.
     0 | D:1      | Reached XP level 1. HP: 11/11 MP: 3/3
   341 | D:1      | Reached XP level 2. HP: 13/17 MP: 5/5
   958 | D:2      | Reached XP level 3. HP: 13/21 MP: 0/6
  1069 | D:2      | Found a faded altar of an unknown god.
  1764 | D:3      | Slain by an orc

Illustrated notes

Levels and vault maps discovered:
D:1:      dpeg_arrival_shelter, layout_basic
D:2:      layout_loops_ring, nicolae_ecumenical_snake_handling
D:3:      layout_loops_cross, kennysheep_ying_yang,
          riverfiend_overflow_shadow_ancestor, chequers_mini_garden,
          kennysheep_generic_room_11

Skill      XL: |  1 |
---------------+----+-----
Stealth        | 3 |  3.6
Dodging        | |  2.6
Spellcasting   | |  2.5
Ice Magic      | |  4.4

Action                   || total
-------------------------++-------
Melee: Unarmed           ||    78
       Constrict         ||    26
       Tentacles         ||    17
       Punch             ||     1
 Cast: Freeze            ||    16
  Use: Potion            ||     1
 Stab: Sleeping          ||    11
       Distracted        ||     1
Armor: Skin              ||    14
Dodge: Dodged            ||    56

Table legend: (Time is in decaauts)
 A = Elapsed time spent in this place.
 B = Non-inter-level travel time spent in this place.
 C = Inter-level travel time spent in this place.
 D = Time resting spent in this place.
 E = Time spent auto-exploring this place.
 F = Levels seen in this place.
 G = Mean time per level.
                   A        B        C        D        E       F      G
               +--------+--------+--------+--------+--------+-----+--------+
         Total |   1763 |   1712 |     51 |     49 |   1400 |   3 |  587.7 |
       Dungeon |   1763 |   1712 |     51 |     49 |   1400 |   3 |  587.7 |
               +--------+--------+--------+--------+--------+-----+--------+

Top non-repeatable levels by time:
     D:2: 914 daAuts
     D:1: 807 daAuts
     D:3: 41 daAuts
